 Dungeon Crawl Stone Soup version 0.29-a0-40-g8eb35efe60 (webtiles) character file.

Game seed: 4161664933568143692

1683 dolemite99 the Carver (level 8, -1/64 HPs)
             Began as a Minotaur Monk on Feb 1, 2022.
             Was a Priest of the Shining One.
             Killed from afar by an orc wizard (4 damage)
             ... with a magic dart
             ... on level 5 of the Dungeon.
             The game lasted 00:06:24 (6374 turns).

dolemite99 the Carver (Minotaur Monk)               Turns: 6374, Time: 00:06:25

Health: -1/64      AC:  4    Str: 19    XL:     8   Next: 71%
Magic:  7/7        EV:  8    Int:  7    God:    the Shining One [***...]
Gold:   113        SH:  0    Dex: 12    Spells: 7/7 levels left

rFire   . . .      SeeInvis .   b - +1 dagger (venom)
rCold   . . .      Faith    .   (no shield)
rNeg    + . .      Spirit   .   l - +1 chain mail
rPois   .          Reflect  .   (helmet restricted)
rElec   .          Harm     .   (no cloak)
rCorr   .          Rampage  .   (no gloves)
Will    .....                   (no boots)
Stlth   ..........              (no amulet)
HPRegen 0.20/turn               (no ring)
MPRegen 0.10/turn               (no ring)

@: corroded, glowing
A: horns 2, retaliatory headbutt
a: Renounce Religion, Divine Shield, Cleansing Flame


You were on level 5 of the Dungeon.
You worshipped the Shining One.
The Shining One was most pleased with you.
You visited 1 branch of the dungeon, and saw 5 of its levels.
You also visited: Ossuary.

You collected 137 gold pieces.
You spent 24 gold pieces at shops.

Inventory:

Hand Weapons
 a - a +0 falchion
 b - a +1 dagger of venom (weapon)
 c - a +2 short sword of venom
 f - a +0 hunting sling
 g - a +0 club
 B - the +9 mace of Havoc {protect, rElec Stlth+}
   (You found it on level 4 of the Dungeon)

   It grants its wielder temporary protection when it strikes (+7 to AC).
   rElec:     It insulates you from electricity.
   Stlth:     It makes you more stealthy.
 D - the +2 whip of the Shore {antimagic, rC- rN+ rCorr}
   (You found it on level 4 of the Dungeon)

   It reduces the magical energy of the wielder, and disrupts the spells and
   magical abilities of those it strikes.
   Natural abilities and divine invocations are not affected.
   rC:        It makes you vulnerable to cold.
   rN:        It protects you from negative energy.
   rCorr:     It protects you from acid and corrosion.
Missiles
 h - 84 arrows
 v - 3 atropa-tipped darts
 x - 81 stones (quivered)
 C - 5 poisoned darts
Armour
 l - a +1 chain mail (worn)
Magical Staves
 p - a staff of cold
Jewellery
 o - an amulet of regeneration
Wands
 q - a wand of polymorph (8)
 s - a wand of flame (18)
 z - a wand of mindburst (5)
Scrolls
 e - a scroll of immolation {unknown}
 i - a scroll of fog
 j - 3 scrolls of silence
 k - a scroll of blinking
 y - a scroll of teleportation
 A - a scroll of summoning {unknown}
Potions
 d - 2 potions of flight {unknown}
 m - a potion of heal wounds {unknown}
 n - a potion of attraction
 r - 2 potions of brilliance
 t - 2 potions of degeneration {unknown}
 u - a potion of resistance {unknown}
 w - a potion of berserk rage {unknown}


   Skills:
 - Level 3.6 Fighting
 - Level 5.9(7.8) Short Blades
 - Level 8.8(9.7) Long Blades
 + Level 8.3 Armour
 - Level 3.2 Dodging
 - Level 1.5 Stealth


You had 7 spell levels left.
You didn't know any spells.
Your spell library contained the following spells:

 Spells                   Type           Power      Damage    Failure   Level
 Corpse Rot               Necr/Air       0%         N/A       99%         2
 Ensorcelled Hibernation  Hex/Ice        0%         N/A       99%         2
 Poisonous Vapours        Pois/Air       0%         N/A       99%         2
 Spider Form              Tmut/Pois      0%         N/A       100%        3
 Anguish                  Hex/Necr       0%         N/A       100%        4


Dungeon Overview and Level Annotations

Branches:
Dungeon (5/15)            Ossuary (visited)
 Temple: D:4-7

Altars:
Ashenzari
Kikubaaqudgha
Makhleb
Qazlal
Vehumet
Xom
The Shining One

Shops:
D:1 !(**!


Innate Abilities, Weirdness & Mutations

You have a pair of horns on your head.
You reflexively headbutt those who attack you in melee.


Message History

The jelly is severely wounded.
The jelly hits you but does no damage.
The orc wizard gestures at you while chanting.
The magic dart hits you.
* * * LOW HITPOINT WARNING * * *
You hit the jelly.
Your hands burn!
* * * LOW HITPOINT WARNING * * *
You headbutt the jelly.
You kill the jelly!
The orc wizard hits you with a +0 dagger.
* * * LOW HITPOINT WARNING * * *
You hit the orc wizard but do no damage.
The orc wizard is severely wounded.
The orc wizard hits you with a +0 dagger.
* * * LOW HITPOINT WARNING * * *
You hit the orc wizard but do no damage.
The orc wizard is severely wounded.
You hit the orc wizard but do no damage.
The orc wizard is severely wounded.
The orc wizard barely misses you.
You barely miss the orc wizard.
The orc wizard is severely wounded.
The orc wizard barely misses you.
You hit the orc wizard but do no damage.
You headbutt the orc wizard, but do no damage.
The orc wizard is severely wounded.
The orc wizard hits you but does no damage.
You hit the orc wizard but do no damage.
You headbutt the orc wizard, but do no damage.
The orc wizard is severely wounded.
The orc wizard gestures at you while chanting.
The puff of flame hits you!
* * * LOW HITPOINT WARNING * * *
Your +1 dagger of venom begins to drip with poison!
b - a +1 dagger of venom (weapon)
You hit the orc wizard.
The orc wizard is poisoned.
The orc wizard is almost dead.
The orc wizard points at you and mumbles some strange words.
The magic dart hits you.
You die...

#....#
##......................
#...##
#......................#
#...#
#....................###
#..##
##..................#
#..#
#.................##
#### #...............#
#..............#
#.......)..##
##.....o@.## ####.(####
#.## ##.# #..# #.......#
#o........ ..........
#.#........


You could see an orc wizard (invisible, very poisoned).

Vanquished Creatures
  Pikel (D:4)
  Grinder (D:4)
  A wraith (D:5)
  Duvessa (D:4)
  2 ice beasts
  A black bear (D:5)
  An ogre (D:4)
  2 lemures (D:4)
  Dowan (D:4)
  3 jellies
  Ijyb (D:3)
  Natasha (thrice) (D:2)
  Terence (D:3)
  2 mummies (Ossuary)
  4 adders
  A worm (D:2)
  A dart slug (D:2)
  An orc (D:5)
  9 ball pythons
  2 bats (D:3)
  6 endoplasms
  7 giant cockroaches
  5 hobgoblins
  5 jackals
  10 kobolds
  A quokka (D:2)
  3 frilled lizards
  10 goblins
  4 rats
90 creatures vanquished.

Vanquished Creatures (others)
  3 fungi (D:4)
  3 withered plants (Ossuary)
6 creatures vanquished.

Grand Total: 96 creatures vanquished

Notes
Turn   | Place    | Note
-------+----------+-------------------------------------------
     0 | D:1      | dolemite99 the Minotaur Monk began the quest for the Orb.
     0 | D:1      | Reached XP level 1. HP: 19/19 MP: 0/0
    31 | D:1      | Found Puxtemy's Weapon Shop.
    52 | D:1      | Found Ophah's Distillery.
    94 | D:1      | You fall into a shaft and drop 1 floor!
   693 | D:2      | Reached XP level 2. HP: 21/26 MP: 1/1
   867 | D:1      | Found Guovu's General Store.
   876 | D:1      | Bought a scroll of identify for 24 gold pieces
   911 | D:1      | Found a faded altar of an unknown god.
   932 | D:1      | Prayed at the altar of an unknown god.
   932 | D:1      | Became a worshipper of the Shining One
   932 | D:1      | Reached * piety under the Shining One
   932 | D:1      | Reached ** piety under the Shining One
  1096 | D:1      | Reached skill level 5 in Long Blades
  1166 | D:1      | Found Nycw's Assorted Antiques.
  1263 | D:1      | Reached XP level 3. HP: 31/31 MP: 2/2
  1420 | D:1      | Found Efim's Distillery.
  1710 | D:2      | Noticed Natasha
  1714 | D:2      | Killed Natasha
  1714 | D:2      | Reached *** piety under the Shining One
  1720 | D:2      | Reached XP level 4. HP: 30/39 MP: 3/3
  2008 | D:2      | Noticed Natasha
  2016 | D:2      | Killed Natasha
  2099 | D:2      | Reached skill level 1 in Short Blades
  2227 | D:2      | Reached XP level 5. HP: 41/45 MP: 4/4
  2427 | D:2      | Noticed Natasha
  2435 | D:2      | Killed Natasha
  2758 | D:3      | Found a shimmering altar of Xom.
  2880 | D:3      | Found a radiant altar of Vehumet.
  2896 | D:3      | Noticed an ice beast
  2916 | D:3      | Killed an ice beast
  2917 | D:3      | Reached XP level 6. HP: 11/51 MP: 5/5
  3402 | D:3      | Noticed Ijyb
  3410 | D:3      | Killed Ijyb
  3659 | D:3      | Found a stormy altar of Qazlal.
  3773 | D:3      | Noticed Terence
  3779 | D:3      | Killed Terence
  3845 | D:4      | Found a burning altar of Makhleb.
  3847 | D:4      | Identified the +9 mace of Havoc {protect, rElec Stlth+}
  3854 | D:4      | Identified the +2 whip of the Shore {antimagic, rC- rN+
                  | rCorr}
  3902 | D:4      | Found an ancient bone altar of Kikubaaqudgha.
  3939 | D:4      | Reached skill level 5 in Short Blades
  4126 | D:4      | Found a sand-covered staircase.
  4131 | Ossuary  | Entered an ossuary
  4160 | Ossuary  | HP: 1/51 [wyvern zombie (11)]
  4764 | D:4      | Noticed Grinder
  4767 | D:4      | Killed Grinder
  4768 | D:4      | Reached XP level 7. HP: 57/57 MP: 6/6
  4935 | D:4      | Noticed Duvessa
  4936 | D:4      | Noticed Dowan
  4954 | D:4      | Killed Duvessa
  4958 | D:4      | Killed Dowan
  5211 | D:4      | Found a broken altar of Ashenzari.
  5215 | D:4      | Saw a vision of the Shoals and the Snake Pit.
  5215 | D:4      | Noticed a merfolk
  5215 | D:4      | Noticed a shock serpent
  5215 | D:4      | Noticed a merfolk siren
  5215 | D:4      | Noticed an anaconda
  5215 | D:4      | Noticed a merfolk siren
  5215 | D:4      | Noticed a merfolk
  5215 | D:4      | Noticed a salamander
  5215 | D:4      | Noticed a merfolk
  5218 | D:4      | Noticed Pikel
  5262 | D:4      | Killed Pikel
  5263 | D:4      | Reached XP level 8. HP: 26/64 MP: 7/7
  6002 | D:5      | Entered Level 5 of the Dungeon
  6372 | D:5      | HP: 3/64 [orc wizard/puff of flame (9)]
  6374 | D:5      | Killed from afar by an orc wizard

Illustrated notes

Levels and vault maps discovered:
D:1:      scummos_arrival_star, layout_basic, ebering_ecumenical_altar_hall,
          serial_shops, nicolae_shop_waterfront,
          nicolae_shop_bloodbath_and_beyond, nicolae_shop_hallway_plus,
          nicolae_shop_statue_plus, shop, kennysheep_crisscross,
          grunt_decor_mini_mirrors
D:2:      layout_loops_ring, minmay_fractal_squares_gapless_5, uniq_natasha
D:3:      layout_basic, xom_teletrap_fun, lemuel_crystal_altar,
          mainiacjoe_overflow_24_doors, uniq_ijyb, uniq_terence
D:4:      layout_loops_ring, grunt_ashenzari_visionary
          [grunt_ashenzari_visionary_shoals, grunt_ashenzari_visionary_snake],
          bloody_makhleb, mainiacjoe_overflow_paths, serial_aquarium,
          aquarium_bridge_square [aquarium_subvault_bridge,
          aquarium_subvault_wall, aquarium_subvault_window,
          aquarium_subvault_bridge], aquarium_window_corridor_1,
          aquarium_window_fake, aquarium_view_2d, aquarium_balcony_double_3,
          nicolae_ossuary_entry_false_entrances, chequers_serial_rivers_large_a,
          uniq_grinder, uniq_duvessa, uniq_pikel
D:5:      layout_cave_pods, minmay_checkerbox

Skill      XL: |  1  2  3  4  5  6  7  8 |
---------------+-------------------------+-----
Long Blades    | 4 5 6 7 8 |  8.8
Short Blades   | 2 4 5 |  5.9
Armour         | 6 8 |  8.3
Fighting       | |  3.6
Dodging        | |  3.2
Stealth        | |  1.5

Action                   |  1- 3 |  4- 6 |  7- 9 || total
-------------------------+-------+-------+-------++-------
Melee: Falchion          |    11 |    25 |    32 ||    68
       Short sword       |    39 |     3 |       ||    42
       Headbutt          |    12 |    27 |    20 ||    59
       Dagger            |       |    83 |    63 ||   146
       Punch             |       |       |     1 ||     1
Throw: Boomerang         |     2 |       |       ||     2
       Dart              |    12 |    39 |       ||    51
       Stone             |       |    20 |     8 ||    28
Evoke: Wand              |       |     9 |       ||     9
  Use: Scroll            |     2 |     5 |     1 ||     8
       Potion            |       |     5 |     1 ||     6
Armor: Ring mail         |    10 |       |       ||    10
       Robe              |     1 |       |       ||     1
       Chain mail        |     2 |    42 |    28 ||    72
Dodge: Dodged            |    22 |    34 |    25 ||    81

Table legend: (Time is in decaauts)
 A = Elapsed time spent in this place.
 B = Non-inter-level travel time spent in this place.
 C = Inter-level travel time spent in this place.
 D = Time resting spent in this place.
 E = Time spent auto-exploring this place.
 F = Levels seen in this place.
 G = Mean time per level.
                   A        B        C        D        E       F      G
               +--------+--------+--------+--------+--------+-----+--------+
         Total |   6308 |   6213 |     95 |   2181 |   3103 |   6 | 1051.3 |
       Dungeon |   6281 |   6186 |     95 |   2181 |   3101 |   5 | 1256.2 |
       Ossuary |     26 |     26 |      0 |      0 |      2 |   1 |   26.0 |
               +--------+--------+--------+--------+--------+-----+--------+

Top non-repeatable levels by time:
     D:4: 2092 daAuts
     D:2: 1811 daAuts
     D:3: 1191 daAuts
     D:1: 816 daAuts
     D:5: 369 daAuts
 Ossuary: 26 daAuts
